 Dungeon Crawl Stone Soup version 0.27-a0-1185-ga233589e6f (webtiles) character file.

Game seed: 12255375869994503103

10902 dfsg the Geomancer (level 11, 0/64 HPs)
             Began as a Gargoyle Earth Elementalist on May 19, 2021.
             Was an Elder of Vehumet.
             Slain by an orc knight
             ... wielding a +0 glaive
              (37 damage)
             ... in a bailey.
             The game lasted 00:25:32 (10557 turns).

dfsg the Geomancer (Gargoyle Earth Elementalist)   Turns: 10557, Time: 00:25:33

Health: 0/64       AC: 22    Str: 13    XL:     11   Next: 69%
Magic:  10/39      EV: 12    Int: 18    God:    Vehumet [****..]
Gold:   543        SH:  4    Dex:  8    Spells: 15/24 levels left

rFire    . . .     SeeInvis .   r - +1 dagger (elec)
rCold    . . .     Faith    .   (no shield)
rNeg     + . .     Spirit   .   o - +0 steam dragon scales
rPois    ∞         Reflect  .   J - +2 hat
rElec    +         Harm     .   i - +2 cloak
rCorr    .         Rampage  .   (no gloves)
Will     .....                  s - +0 pair of boots
Stlth    ++........             K - amulet of the acrobat
HPRegen  0.20/turn              n - ring of magical power
MPRegen  0.26/turn              d - ring of magical power

@: flying
A: sickness immunity, AC +8, negative energy resistance 1, electricity
resistance, torment resistance 1, petrification resistance, big wings,
iridescent scales 1, large bone plates 1, clumsy 1, wild magic 1
a: Renounce Religion


You were in a bailey.
You worshipped Vehumet.
Vehumet was greatly pleased with you.
You visited 2 branches of the dungeon, and saw 10 of its levels.
You also visited: Ossuary and Bailey.

You collected 585 gold pieces.
You spent 42 gold pieces at shops.

Inventory:

Hand Weapons
 q - a +3 flail of protection
 r - a +1 dagger of electrocution (weapon)
Missiles
 b - 300 stones
 m - 2 boomerangs of dispersal
Armour
 i - a +2 cloak (worn)
 o - +0 steam dragon scales (worn)
 s - a +0 pair of boots (worn)
 J - a +2 hat (worn)
Jewellery
 c - a +6 ring of strength
 d - a ring of magical power (right hand)
 j - a ring of fire
 n - a ring of magical power (left hand)
 x - a +4 ring of protection
 z - a ring of see invisible
 I - a ring of wizardry
 K - an amulet of the acrobat (around neck)
Wands
 l - a wand of iceblast (6)
 y - a wand of mindburst (6)
 B - a wand of paralysis (9)
Scrolls
 g - a scroll of silence
 p - 8 scrolls of teleportation
 w - 4 scrolls of enchant weapon
 D - a scroll of immolation
 F - 2 scrolls of amnesia
Potions
 a - 8 potions of might
 e - 2 potions of brilliance
 f - 4 potions of heal wounds
 h - 8 potions of curing
 k - 5 potions of haste
 t - a potion of experience
 u - 2 potions of magic
 v - 4 potions of resistance
 A - a potion of ambrosia
 C - a potion of lignification
 E - a potion of flight
 G - 2 potions of attraction
 L - a potion of berserk rage {unknown}


   Skills:
 + Level 6.0 Fighting
 + Level 5.5 Maces & Flails
 - Level 6.0 Armour
 + Level 5.0 Dodging
 - Level 2.1 Stealth
 + Level 7.3 Spellcasting
 + Level 8.1 Conjurations
 - Level 0.7 Transmutations
 + Level 9.8 Earth Magic
 + Level 5.0 Evocations


You had 15 spell levels left.
You knew the following spells:

 Your Spells              Type           Power      Damage    Failure   Level
a - Sandblast             Erth           100%       2d20      1%          1
b - Stone Arrow           Conj/Erth      100%       3d13      1%          3
c - Lee's Rapid Deconstr  Erth           26%        3d15*     2%          5

Your spell library contained the following spells:

 Spells                   Type           Power      Damage    Failure   Level
 Hailstorm                Conj/Ice       27%        3d7       8%          4
 Shock                    Conj/Air       100%       1d9       1%          1
 Static Discharge         Conj/Air       27%        N/A       1%          2
 Passwall                 Tmut/Erth      27%        N/A       3%          2
 Inner Flame              Hex/Fire       8%         N/A       12%         3
 Corona                   Hex            8%         N/A       16%         1
 Petrify                  Tmut/Erth      33%        N/A       17%         4
 Lightning Bolt           Conj/Air       13%        1d27      19%         5
 Leda's Liquefaction      Hex/Erth       15%        N/A       21%         4
 Slow                     Hex            8%         N/A       22%         2
 Airstrike                Air            4%         N/A       32%         4
 Portal Projectile        Hex/Tloc       16%        N/A       41%         3
 Swiftness                Air            8%         N/A       41%         3
 Cause Fear               Hex            4%         N/A       78%         4


Dungeon Overview and Level Annotations

Branches:
Dungeon (9/15)             Temple (1/1) D:6            Lair (0/6) D:8
Ossuary (visited)          Bailey (1/1)
    Orc: D:9-12

Altars:
Ashenzari
Cheibriados
Dithmenos
Fedhas
Hepliaklqana
Kikubaaqudgha
Makhleb
Nemelex Xobeh
Okawaru
Qazlal
Ru
Sif Muna
Uskayaw
Vehumet
Wu Jian
Xom
Yredelemnul
Zin

Shops:
D:2 (![:[


Innate Abilities, Weirdness & Mutations

You are immune to sickness and miasma.
Your stone body is resilient. (AC +8)
You are immune to poison.
You resist negative energy. (rN+)
You are resistant to electric shocks. (rElec)
You are resistant to unholy torment.
You are immune to petrification.
Your large and strong wings let you fly.
You are partially covered in iridescent scales. (AC +2)
You are partially covered in large bone plates. (SH +4)
You are clumsy. (Dex -2)
Your spells are a little harder to cast, but a little more powerful.


Message History

You kill the gnoll!
The gnoll's corpse dissolves into shadows!
The orc knight hits you from afar with a +0 glaive!
* * * LOW HITPOINT WARNING * * *
The orc hits you but does no damage.
Training target 6.0 for Armour reached!
Your Fighting skill increases to level 6!
Your Armour skill increases to level 6!
Your Dodging skill increases to level 5!
Unknown command.
Unknown command.
Unknown command.
You feel much better.
The orc knight hits you from afar with a +0 glaive.
The orc barely misses you. You block the orc warrior's attack.
Casting: Lee's Rapid Deconstruction (dangerous; 2% risk of failure)
Confirm with . or Enter, or press ? or * to list all spells.
Aiming: Lee's Rapid Deconstruction (dangerous; 2% risk of failure)
Press: ? - help, Dir - move target, f - orc wizard, p - orc warrior Fragment what (e.g. wall or brittle monster)?: an orc wizard, wielding a +0 dagger and wearing a +0 robe (summoned, strong)
An open gate.
The stone door frame shatters!
The blast of rock fragments hits the orc wizard!!
You kill the orc wizard!
The orc wizard's corpse dissolves into shadows!
The blast of rock fragments hits the orc knight!!
The orc knight is moderately wounded.
The blast of rock fragments hits the orc warrior.
The orc warrior is severely wounded.
The blast of rock fragments hits the orc!!
You kill the orc!
The orc's corpse dissolves into shadows!
The blast of rock fragments hits the orc knight.
The orc knight is lightly wounded.
The blast of rock fragments hits the orc!
You kill the orc!
The orc's corpse dissolves into shadows!
The orc knight hits you from afar with a +0 glaive!!!
Ouch! That really hurt!
You die...

###### ####### ###### .....##
##.....#########.....#
......######.......#....o#.......
......#....#)...o..'.....'g......
).....'...))))..@.o'.O...').)..).
).....#....#).....oo.g...'...))..
......######......g#g....#..)....
.....## ##.....#########.....#
###### ####### ######


You could see 2 orc knights, an orc warrior (summoned, strong), an ogre
(summoned), 3 gnolls and an orc (summoned, strong).

Vanquished Creatures
  Gastronok (D:8)
  An orange crystal statue (D:8)
  Pikel (D:6)
  2 orc knights (Bailey)
  An ice statue (D:8)
  Maggie (D:6)
  2 trolls
  3 wyverns (D:8)
  Sigmund (D:4)
  4 yaks (D:8)
  A wraith (Ossuary)
  2 basilisks (D:8)
  3 steam dragons
  Edmund (D:6)
  7 water moccasins
  An acid dragon (D:9)
  An ice beast (D:6)
  2 black bears (D:5)
  9 orc warriors
  A centaur (D:8)
  2 necrophages
  A phantom (D:6)
  A kobold brigand (D:8)
  2 bullfrogs (D:7)
  Blork the orc (D:6)
  A gnoll sergeant (D:6)
  A scorpion (D:4)
  9 wights (D:7)
  8 killer bees
  A vampire bat (D:3)
  3 howler monkeys (D:7)
  3 centaur zombies
  A bullfrog zombie (D:4)
  5 hounds
  A jelly (D:5)
  An orc priest (D:9)
  Crazy Yiuf (D:6)
  5 iguanas
  Jessica (D:2)
  Terence (D:2)
  4 orc wizards (D:9)
  2 hound skeletons (D:4)
  A mummy (Ossuary)
  Robin (D:2)
  A howler monkey zombie (D:8)
  4 adders
  2 white imps (D:6)
  3 worms
  50 orcs
  6 ball pythons
  14 bats
  4 endoplasms
  3 giant cockroaches
  16 goblins
  9 hobgoblins
  5 jackals
  4 quokkas
  A frilled lizard (D:1)
  8 gnoll skeletons (Ossuary)
  A goblin zombie (D:8)
  9 kobolds
  5 kobold skeletons (Ossuary)
  A kobold zombie (D:8)
  12 orc skeletons (Ossuary)
  A rat (D:1)
261 creatures vanquished.

Vanquished Creatures (others)
  A fungus (D:8)
  8 plants (D:8)
9 creatures vanquished.

Grand Total: 270 creatures vanquished

Notes
Turn   | Place    | Note
-------+----------+-------------------------------------------
     0 | D:1      | dfsg the Gargoyle Earth Elementalist began the quest for
                  | the Orb.
     0 | D:1      | Reached XP level 1. HP: 10/10 MP: 3/3
   113 | D:1      | Reached skill level 4 in Earth Magic
   113 | D:1      | Reached XP level 2. HP: 9/15 MP: 0/5
   850 | D:1      | Reached XP level 3. HP: 19/19 MP: 6/6
   859 | D:1      | Learned a level 3 spell: Stone Arrow
  1107 | D:2      | Found Veohys's Antique Armour Emporium.
  1145 | D:2      | Found Rosti's Antique Armour Shoppe.
  1149 | D:2      | Noticed Terence
  1214 | D:2      | Found Ycyofurae's Antique Weapon Emporium.
  1290 | D:2      | Noticed Jessica
  1293 | D:2      | Killed Jessica
  1294 | D:2      | Reached skill level 1 in Conjurations
  1294 | D:2      | Reached XP level 4. HP: 24/24 MP: 5/8
  1341 | D:2      | Found Ikkaodd's Book Shop.
  1485 | D:2      | Found a faded altar of an unknown god.
  1558 | D:2      | Killed Terence
  1559 | D:2      | Reached skill level 5 in Earth Magic
  1637 | D:2      | Found Vek Roklulu's Distillery.
  1640 | D:2      | Bought a potion of curing for 42 gold pieces
  2213 | D:3      | Reached XP level 5. HP: 20/28 MP: 7/9
  2315 | D:3      | Learned a level 5 spell: Lee's Rapid Deconstruction
  2420 | D:3      | Noticed Robin
  2995 | D:2      | Killed Robin
  3988 | D:4      | Noticed Sigmund
  3994 | D:4      | Gained mutation: You are clumsy. (Dex -2) [potion of
                  | mutation]
  3994 | D:4      | Gained mutation: Your muscles are strong. (Str +2) [potion
                  | of mutation]
  3994 | D:4      | Gained mutation: You have a pair of small antennae on your
                  | head. [potion of mutation]
  3994 | D:4      | Gained mutation: You are partially covered in large bone
                  | plates. (SH +4) [potion of mutation]
  3996 | D:4      | Killed Sigmund
  3997 | D:4      | Reached skill level 6 in Earth Magic
  3997 | D:4      | Reached XP level 6. HP: 31/32 MP: 0/12
  4310 | D:4      | Reached XP level 7. HP: 10/36 MP: 10/13
  4948 | D:5      | Entered Level 5 of the Dungeon
  4981 | D:5      | Lost mutation: Your muscles are strong. (Str +2) [potion of
                  | mutation]
  4981 | D:5      | Lost mutation: You have a pair of small antennae on your
                  | head. [potion of mutation]
  4981 | D:5      | Gained mutation: Your spells are a little harder to cast,
                  | but a little more powerful. [potion of mutation]
  4981 | D:5      | Gained mutation: Your large and strong wings let you fly.
                  | [potion of mutation]
  4981 | D:5      | Gained mutation: You are partially covered in iridescent
                  | scales. (AC +2) [potion of mutation]
  5303 | D:5      | Reached skill level 7 in Earth Magic
  5477 | D:5      | Reached skill level 5 in Spellcasting
  5477 | D:5      | Reached skill level 5 in Conjurations
  5705 | D:5      | Reached XP level 8. HP: 41/41 MP: 15/15
  5763 | D:5      | Reached skill level 1 in Fighting
  5897 | D:5      | Found an ornate altar of the Wu Jian Council.
  5939 | D:6      | Reached skill level 1 in Maces & Flails
  5939 | D:6      | Reached skill level 1 in Armour
  5968 | D:6      | Reached skill level 1 in Evocations
  6062 | D:6      | Noticed Blork the orc
  6066 | D:6      | Killed Blork the orc
  6204 | D:6      | Noticed Edmund
  6213 | D:6      | Killed Edmund
  6442 | D:6      | Found a staircase to the Ecumenical Temple.
  6453 | Temple   | Entered the Ecumenical Temple
  6487 | Temple   | Became a worshipper of Vehumet
  6529 | D:6      | Reached XP level 9. HP: 35/49 MP: 17/17
  6637 | D:6      | Noticed Pikel
  6639 | D:6      | Noticed Maggie
  6640 | D:6      | Killed Pikel
  6644 | D:6      | Killed Maggie
  6645 | D:6      | Reached skill level 8 in Earth Magic
  7043 | D:6      | Found a runed translucent door.
  7044 | D:6      | Noticed Crazy Yiuf
  7048 | D:6      | Killed Crazy Yiuf
  7587 | D:7      | Reached * piety under Vehumet
  7587 | D:7      | Offered knowledge of Freeze by Vehumet.
  7590 | D:7      | Reached XP level 10. HP: 56/56 MP: 19/19
  8010 | D:8      | Found a staircase to the Lair.
  8058 | D:8      | Noticed Gastronok
  8068 | D:8      | Found a sand-covered staircase.
  8074 | Ossuary  | Entered an ossuary
  8247 | Ossuary  | Reached skill level 9 in Earth Magic
  8337 | Ossuary  | Offered knowledge of Searing Ray by Vehumet.
  8345 | Ossuary  | Reached ** piety under Vehumet
  8561 | D:8      | Noticed an ice statue
  8565 | D:8      | Killed an ice statue
  8705 | D:8      | Reached skill level 5 in Armour
  8762 | D:8      | Offered knowledge of Conjure Flame by Vehumet.
  8820 | D:8      | Reached skill level 5 in Fighting
  8847 | D:8      | Reached XP level 11. HP: 61/63 MP: 21/21
  8930 | D:8      | Killed Gastronok
  8931 | D:8      | Reached skill level 5 in Maces & Flails
  9529 | D:8      | Noticed an orange crystal statue
  9534 | D:8      | Killed an orange crystal statue
  9960 | D:9      | Found a flagged portal.
  9965 | D:9      | Reached *** piety under Vehumet
  9974 | Bailey   | Entered a bailey
 10174 | Bailey   | Offered knowledge of Hailstorm by Vehumet.
 10424 | Bailey   | Noticed an orc knight
 10446 | Bailey   | Reached **** piety under Vehumet
 10450 | Bailey   | Killed an orc knight
 10451 | Bailey   | Reached skill level 5 in Evocations
 10541 | Bailey   | Noticed an orc knight
 10543 | Bailey   | Noticed an orc knight
 10549 | Bailey   | Noticed an orc knight
 10555 | Bailey   | Killed an orc knight
 10556 | Bailey   | Reached skill level 5 in Dodging
 10557 | Bailey   | Slain by an orc knight

Illustrated notes

Levels and vault maps discovered:
D:1:      ebering_trefoil_twist, layout_basic
D:2:      layout_rooms, serial_shops, shop, shop, nicolae_shop_behind_doors,
          shop, shop, hellmonk_ecumenical_altar_run_dry, uniq_jessica,
          uniq_terence
D:3:      layout_basic, st_stairs_10, roderic_batcave,
          hangedman_abyss_or_decor_lesser_grid, uniq_robin
D:4:      layout_gridville, cheibrodos_sewer_entry_bend, uniq_sigmund
D:5:      layout_layer_cave, nzn_wu_jian_council_hall
D:6:      layout_rooms, minmay_temple_entry_mist, kennysheep_small_square,
          uniq_pikel, uniq_crazy_yiuf_cottage, uniq_maggie, uniq_blork_the_orc,
          uniq_edmund
D:7:      layout_loops_ring
D:8:      minmay_separated_statues, layout_basic, minmay_lair_entry_grove,
          enter_ossuary_3, grunt_decor_one_mirror, chequers_mini_garden,
          uniq_gastronok
D:9:      layout_loops_ring, enter_bailey_4, uniq_maurice
Temple:   grunt_wide_crystal_templ
Bailey:   bailey_polearm_5, bailey

Skill      XL: |  1  2  3  4  5  6  7  8  9 10 11 |
---------------+----------------------------------+-----
Earth Magic    | 4 5 6 7 8 9 |  9.8
Spellcasting   | 3 4 5 6 7 |  7.3
Conjurations   | 1 2 3 5 6 7 8 |  8.1
Fighting       | 2 3 5 6 |  6.0
Maces & Flails | 2 3 4 5 |  5.5
Armour         | 2 3 5 6 |  6.0
Dodging        | 2 3 4 5 |  5.0
Evocations     | 2 3 4 5 |  5.0
Stealth        | |  2.1
Transmutations | |  0.7

Action                   |  1- 3 |  4- 6 |  7- 9 | 10-12 || total
-------------------------+-------+-------+-------+-------++-------
Melee: Whip              |    72 |    38 |       |       ||   110
       Triple sword      |       |    71 |       |       ||    71
       Dagger            |       |    40 |   112 |   168 ||   320
 Cast: Sandblast         |    23 |    22 |    12 |    10 ||    67
       Stone Arrow       |       |     3 |    62 |    46 ||   111
       Lee's Rapid Decon |       |       |     2 |    37 ||    39
Evoke: Wand              |       |       |       |     7 ||     7
  Use: Scroll            |     3 |     7 |     5 |     9 ||    24
       Potion            |       |     1 |     1 |     1 ||     3
 Stab: Sleeping          |     1 |     2 |       |       ||     3
Armor: Robe              |    34 |   186 |    37 |       ||   257
       Steam dragon scal |       |       |    38 |   172 ||   210
Dodge: Dodged            |    71 |   214 |    63 |   261 ||   609
Block: Other             |       |       |    18 |    75 ||    93
       Rpst.: Triple sword |       |    40 |       |       ||    40

Table legend: (Time is in decaauts)
 A = Elapsed time spent in this place.
 B = Non-inter-level travel time spent in this place.
 C = Inter-level travel time spent in this place.
 D = Time resting spent in this place.
 E = Time spent auto-exploring this place.
 F = Levels seen in this place.
 G = Mean time per level.
                   A        B        C        D        E       F      G
               +--------+--------+--------+--------+--------+-----+--------+
         Total |  10644 |  10352 |    292 |   1692 |   6549 |  12 |  887.0 |
       Dungeon |   9667 |   9384 |    283 |   1206 |   6415 |   9 | 1074.1 |
        Temple |     43 |     34 |      9 |      0 |     28 |   1 |   43.0 |
       Ossuary |    349 |    349 |      0 |    110 |     79 |   1 |  349.0 |
        Bailey |    582 |    582 |      0 |    376 |     27 |   1 |  582.0 |
               +--------+--------+--------+--------+--------+-----+--------+

Top non-repeatable levels by time:
     D:8: 1456 daAuts
     D:3: 1366 daAuts
     D:2: 1303 daAuts
     D:4: 1245 daAuts
     D:1: 1121 daAuts
     D:6: 1116 daAuts
     D:5: 985 daAuts
     D:7: 903 daAuts
  Bailey: 582 daAuts
 Ossuary: 349 daAuts
     D:9: 168 daAuts
  Temple: 43 daAuts
